 Dungeon Crawl Stone Soup version 0.19.1 (webtiles) character file.

26 SQman the Poker (level 2, 20/22 HPs)
             Began as a Demonspawn Gladiator on Dec 15, 2016.
             Got out of the dungeon alive.
             The game lasted 00:05:50 (775 turns).

SQman the Poker (Demonspawn Gladiator)               Turns: 775, Time: 00:05:51

Health: 20/22      AC:  3    Str: 12 (15) XL:     2   Next: 89%
Magic:  2/2        EV: 12    Int:  8 (9)  God:
Gold:   64         SH:  0    Dex: 10 (13) Spells: 0 memorised, 1 level left

rFire  . . .     SeeInvis .     a - +0 trident
rCold  . . .     Gourm    .     b - +0 leather armour
rNeg   . . .     Faith    .     (no shield)
rPois  .         Spirit   .     c - +0 helmet
rElec  .         Reflect  .     (no cloak)
rCorr  .         Harm     .     (no gloves)
MR     .....     Rnd*Tele +     (no boots)
Stlth  +.........               h - amulet of inaccuracy (curse)
                                (no ring)
                                (no ring)

@: no status effects
A: rugged brown scales 1, deformed body, teleportitis 1, wild magic 1
a: no special abilities


You escaped.
You were not hungry.

You visited 1 branch of the dungeon, and saw 1 of its levels.

You collected 64 gold pieces.

Inventory:

Hand Weapons
 a - a +0 trident (weapon)
Missiles
 d - 3 throwing nets (quivered)
Armour
 b - a +0 leather armour (worn)
 c - a +0 helmet (worn)
 e - a +0 scale mail
Jewellery
 h - a cursed amulet of inaccuracy (around neck)
Scrolls
 j - a scroll of identify {unknown}
Potions
 i - a potion of curing {unknown}
 k - 2 potions of brilliance {unknown}
Comestibles
 f - 2 bread rations


   Skills:
 + Level 2.0 Fighting
 + Level 3.2 Polearms
 + Level 1.7 Throwing
 + Level 0.3 Armour
 + Level 3.1 Dodging


You had one spell level left.
You didn't know any spells.

Dungeon Overview and Level Annotations

Branches:
Dungeon (1/15)

Altars:


Innate Abilities, Weirdness & Mutations

You are partially covered in rugged brown scales. (AC +1, +3% HP)
Armour fits poorly on your strangely shaped body.
You are occasionally teleported next to monsters.
Your spells are a little harder to cast, but a little more powerful.


Message History

All of the chunks of flesh in your inventory have rotted away.
Things that are here:
a stone; a dagger You barely miss the frilled lizard.
The frilled lizard closely misses you.
You barely miss the frilled lizard. The frilled lizard barely misses you.
You miss the frilled lizard. The frilled lizard closely misses you.
You miss the frilled lizard. The frilled lizard bites you.
The frilled lizard barely misses you.
The frilled lizard bites you but does no damage.
The frilled lizard closely misses you.
You enter the shallow water.
Moving in this stuff is going to be slow.
The frilled lizard bites you but does no damage.
There is a staircase leading out of the dungeon here.
You hit the frilled lizard.
You kill the frilled lizard!
There is a staircase leading out of the dungeon here.
You can't go down here!
Are you sure you want to leave the Dungeon?
This will make you lose the game!
You have escaped!

####.#####.### ###########.
#....#.......# #..........#
#.#..#.#####.# #..........#
#.#..#.# ###.### #..........#
#.####.###≈#.#≈###..........#
#......##≈♣....≈##..........#
#..#####≈♣8♣..8.≈#..........#
#..####*#≈♣....≈##........(.#
#.....###≈P.@.P≈##..........#
#.###.##≈P8P≈P8P≈#...(......#
#.# #.###≈P≈≈≈P≈##..........#
#.###.# ##≈#.#≈######.......+
#.....# ###.### #.###...#
####### #.# #.# *...# ##.#
#.# *...# #####..# #.# **###
#.....## #.# #..


There were no monsters in sight!

Vanquished Creatures
  A dart slug (D:1)
  3 bats (D:1)
  A giant cockroach (D:1)
  2 goblins (D:1)
  2 hobgoblins (D:1)
  4 jackals (D:1)
  4 kobolds (D:1)
  3 frilled lizards (D:1)
  A rat (D:1)
  3 toadstools (D:1)
24 creatures vanquished.

Vanquished Creatures (others)
  A toadstool (D:1)
1 creature vanquished.

Grand Total: 25 creatures vanquished

Notes
Turn   | Place    | Note
-------+----------+-------------------------------------------
     0 | D:1      | SQman the Demonspawn Gladiator began the quest for the Orb.
     0 | D:1      | Reached XP level 1. HP: 16/16 MP: 1/1
   223 | D:1      | Gained mutation: You are partially covered in rugged brown scales. (AC +1, +3% HP) [demonic ancestry]
   223 | D:1      | Reached XP level 2. HP: 10/22 MP: 2/2
   447 | D:1      | Gained mutation: Your spells are a little harder to cast, but a little more powerful. [potion of mutation]
   447 | D:1      | Gained mutation: You are occasionally teleported next to monsters. [potion of mutation]
   447 | D:1      | Gained mutation: Armour fits poorly on your strangely shaped body. [potion of mutation]
   775 | D:$      | Got out of the dungeon alive.

Skill      XL: |  1  2 |
---------------+-------+-----
Dodging        | 3 |  3.1
Polearms       | 3 |  3.2
Fighting       | |  2.0
Throwing       | |  1.7
Armour         | |  0.3

Action                   || total
-------------------------++-------
Melee: Trident           ||   118
  Use: Scroll            ||     4
       Potion            ||     2
Armor: Leather armour    ||    53
       Scale mail        ||    22
Dodge: Dodged            ||   131
